AoeStats
← Dragonhell0106

Arena

510443223Analyzed
2v2 RM · 19h ago on Oct 1, 2026· 55m 53s· 4 players
Game mode
Random Map
Map size
Medium (4 player)
Population
200
Speed
Normal
Resources
Standard
Victory
Conquest
Starting age
Dark Age
Ending age
Imperial Age
RankedLock teamsTeams togetherTeam positionsShared explorationLock speedFull tech treeHidden civsTurbo modeCheats
Victory
Defeat
🇨🇴 Turks · Colombia
668
+15
🇨🇦 Persians · Canada
643
+15
638
-15
637
-15
el_viola_perros [BalaDeLeche]
1:04 Loom
11:47 Feudal Age
16:43 Castle Age
14:40 Double-Bit Axe
14:49 Fletching
17:00 Padded Archer Armor
18:29 Wheelbarrow
18:47 Pikeman
23:04 Squires
23:39 Ballistics
25:13 Bow Saw
28:19 Town Watch
33:11 Fortified Wall
32:57 Murder Holes
39:38 Yeomen
41:13 Bodkin Arrow
41:34 Leather Archer Armor
41:57 Hand Cart
44:17 Imperial Age
47:03 Gold Mining
46:46 Elite Longbowman
49:36 Ring Archer Armor
49:07 Bracer
49:50 Heavy Scorpion
EL RABINO GOLDMAN [BalaDeLeche]
12:19 Feudal Age
16:26 Castle Age
26:53 Loom
40:04 Imperial Age
39:31 Scale Barding Armor
39:37 Forging
39:27 Scale Mail Armor
39:23 Horse Collar
41:30 Bloodlines
41:20 Husbandry
40:44 Light Cavalry
43:03 Double-Bit Axe
43:29 Padded Archer Armor
43:58 Chain Barding Armor
46:33 Wheelbarrow
46:00 Heavy Plow
49:10 Plate Barding Armor
49:11 Iron Casting
49:44 Pikeman
50:07 Hussar
50:59 Cavalier
Dragonhell0106
11:20 Feudal Age
15:50 Castle Age
13:38 Loom
16:30 Gold Mining
26:59 Fletching
32:22 Gold Shaft Mining
44:34 Imperial Age
41:59 Double-Bit Axe
54:15 Bow Saw
53:52 Horse Collar
Hosso
10:45 Loom
14:10 Feudal Age
14:31 Horse Collar
14:44 Double-Bit Axe
17:59 Stone Mining
18:01 Gold Mining
20:15 Wheelbarrow
23:05 Castle Age
24:19 Bow Saw
24:12 Heavy Plow
24:16 Elite Skirmisher
27:11 Fletching
27:22 Padded Archer Armor
30:04 Forging
29:54 Scale Mail Armor
30:14 Murder Holes
30:40 Ballistics
32:23 Husbandry
37:30 Imperial Age
37:18 Leather Archer Armor
38:35 Bodkin Arrow
39:10 Ring Archer Armor
41:27 Scale Barding Armor
40:45 Cavalier
44:01 Chemistry
44:56 Chain Barding Armor
44:52 Savar
49:21 Plate Barding Armor
49:01 Chain Mail Armor
49:21 Iron Casting
50:39 Hand Cart
50:12 Town Watch
Connection lost

Rejoining the realm…

Still unreachable

The connection could not be restored.

Session expired

The server has moved on; the page needs a fresh start.